[ AOE2 MATCH · #484116371 ]
UnrankedMagyars vs Goths
[ REPLAY ANALYSIS · EXTRACTED FROM THE RECORDED GAME ]
Feudal
8:25
Castle
—
Imperial
—
| APM avg | 70.7 |
| APM peak | 97 |
| eAPM avg | 30.8 |
| Villagers / military | 61 / 36 |
Focus
⚔️ 49.8% · 🌾 50.2%
Scout Cavalry ×32 · Spearman ×4
Feudal
8:29
Castle
21:49
Imperial
—
| APM avg | 66.3 |
| APM peak | 90 |
| eAPM avg | 27.9 |
| Villagers / military | 53 / 29 |
Focus
⚔️ 41.4% · 🌾 58.6%
Archer ×12 · Cavalry Archer ×12 · Spearman ×5
Feudal
8:36
Castle
20:01
Imperial
—
| APM avg | 54.0 |
| APM peak | 80 |
| eAPM avg | 23.3 |
| Villagers / military | 50 / 8 |
Focus
⚔️ 43.9% · 🌾 56.1%
Unknown (1952) ×27 · Skirmisher ×4 · Scout Cavalry ×4
Feudal
8:29
Castle
—
Imperial
—
| APM avg | 68.9 |
| APM peak | 111 |
| eAPM avg | 30.0 |
| Villagers / military | 85 / 42 |
Focus
⚔️ 43.1% · 🌾 56.9%
Scout Cavalry ×40 · Spearman ×2
Feudal
9:20
Castle
19:50
Imperial
—
| APM avg | 64.9 |
| APM peak | 152 |
| eAPM avg | 33.4 |
| Villagers / military | 76 / 21 |
Focus
⚔️ 50.1% · 🌾 49.9%
Militia ×7 · Spearman ×6 · Scout Cavalry ×6 · Monk ×2
Feudal
9:19
Castle
21:30
Imperial
—
| APM avg | 63.5 |
| APM peak | 107 |
| eAPM avg | 28.3 |
| Villagers / military | 49 / 20 |
Focus
⚔️ 26.6% · 🌾 73.4%
Knight ×11 · Spearman ×4 · Militia ×3 · Archer ×2
Feudal
8:52
Castle
20:30
Imperial
—
| APM avg | 65.7 |
| APM peak | 109 |
| eAPM avg | 41.1 |
| Villagers / military | 49 / 13 |
Focus
⚔️ 63.4% · 🌾 36.6%
Conquistador ×7 · Scout Cavalry ×5 · Missionary ×1
Feudal
8:53
Castle
22:04
Imperial
—
| APM avg | 85.5 |
| APM peak | 135 |
| eAPM avg | 41.5 |
| Villagers / military | 52 / 46 |
Focus
⚔️ 66.5% · 🌾 33.5%
Archer ×44 · Spearman ×2
Match map
Initial resources + every placement click. Lines = walls · curves = elevation contours. ◆ gold · ⬟ stone · ● berries · ✦ relic · ◌ wall gap
Your base· Open — unwalled flank
Oni.TaToH's base· Open — 9t gap
Oni.DauT's base· Open — unwalled flank
Oni.Lewis's base· Open — unwalled flank
Oni.dogao's base· Open — unwalled flank
Oni.Kingstone's base· Open — 4t gap
Oni.JorDan_AoE's base· Open — unwalled flank
Oni.TheViper's base· Open — unwalled flank
Smoothed initial terrain · ◌ = detected wall gap · hover for details
Inputs per minute
— Oni.FreakinAndy - - Oni.TaToH
Build order — Oni.FreakinAndy
First 150 of 155 actions detected
| 0:00 | Create | Villager (Male) |
| 0:00 | Create | Villager (Male) |
| 0:01 | Create | Villager (Male) |
| 0:02 | Build | House |
| 0:13 | Create | Villager (Male) |
| 0:13 | Create | Villager (Male) |
| 1:14 | Create | Villager (Male) |
| 1:43 | Create | Villager (Male) |
| 1:43 | Create | Villager (Male) |
| 1:51 | Build | House |
| 2:19 | Build | Lumber Camp |
| 2:27 | Create | Villager (Male) |
| 2:27 | Create | Villager (Male) |
| 2:48 | Create | Villager (Male) |
| 2:49 | Create | Villager (Male) |
| 3:10 | Create | Villager (Male) |
| 3:10 | Create | Villager (Male) |
| 3:18 | Build | House |
| 3:39 | Create | Villager (Male) |
| 4:04 | Create | Villager (Male) |
| 4:44 | Create | Villager (Male) |
| 5:07 | Create | Villager (Male) |
| 5:39 | Build | Mill |
| 5:48 | Research | Loom |
| 6:13 | Research | Feudal Age |
| 6:13 | Research | Feudal Age |
| 6:59 | Build | House |
| 7:41 | Build | Barracks |
| 7:54 | Create | Villager (Male) |
| 7:58 | Create | Villager (Male) |
| 8:25 | Age | Feudal Age |
| 8:29 | Research | Double-Bit Axe |
| 8:57 | Build | Stable |
| 9:04 | Create | Villager (Male) |
| 9:17 | Create | Spearman |
| 9:31 | Build | House |
| 9:33 | Create | Scout Cavalry |
| 9:33 | Create | Scout Cavalry |
| 9:35 | Create | Villager (Male) |
| 9:35 | Create | Villager (Male) |
| 9:38 | Build | House |
| 9:54 | Create | Villager (Male) |
| 10:12 | Build | House |
| 10:16 | Create | Scout Cavalry |
| 10:33 | Create | Villager (Male) |
| 10:33 | Create | Villager (Male) |
| 10:47 | Build | Mill |
| 10:54 | Create | Spearman |
| 10:55 | Create | Scout Cavalry |
| 10:59 | Create | Villager (Male) |
| 11:05 | Build | Farm |
| 11:07 | Create | Scout Cavalry |
| 11:24 | Create | Villager (Male) |
| 11:41 | Build | Watch Tower |
| 11:50 | Create | Scout Cavalry |
| 12:18 | Create | Villager (Male) |
| 12:19 | Create | Villager (Male) |
| 12:30 | Create | Villager (Male) |
| 12:31 | Build | Farm |
| 12:38 | Research | Wheelbarrow |
| 12:58 | Create | Scout Cavalry |
| 13:11 | Create | Villager (Male) |
| 13:19 | Build | Watch Tower |
| 13:28 | Create | Villager (Male) |
| 13:34 | Create | Scout Cavalry |
| 13:42 | Build | Watch Tower |
| 13:46 | Build | Lumber Camp |
| 13:54 | Create | Scout Cavalry |
| 14:22 | Create | Villager (Male) |
| 14:37 | Create | Villager (Male) |
| 14:41 | Create | Scout Cavalry |
| 14:41 | Create | Scout Cavalry |
| 14:47 | Build | Farm |
| 14:49 | Build | Farm |
| 14:55 | Build | Farm |
| 15:08 | Build | Farm |
| 15:09 | Build | Farm |
| 15:17 | Create | Villager (Male) |
| 15:18 | Build | House |
| 15:20 | Build | House |
| 15:26 | Build | Mining Camp |
| 15:32 | Create | Villager (Male) |
| 15:42 | Build | Farm |
| 15:56 | Create | Scout Cavalry |
| 16:02 | Create | Villager (Male) |
| 16:21 | Create | Scout Cavalry |
| 16:33 | Build | Farm |
| 16:51 | Build | Stable |
| 16:53 | Create | Villager (Male) |
| 16:54 | Create | Villager (Male) |
| 16:56 | Create | Villager (Male) |
| 17:23 | Create | Villager (Male) |
| 17:28 | Create | Scout Cavalry |
| 17:33 | Create | Scout Cavalry |
| 17:33 | Create | Villager (Male) |
| 17:38 | Create | Scout Cavalry |
| 17:49 | Research | Bloodlines |
| 17:50 | Research | Bloodlines |
| 18:01 | Create | Villager (Male) |
| 18:04 | Build | Blacksmith |
| 18:13 | Create | Scout Cavalry |
| 18:15 | Create | Villager (Male) |
| 18:33 | Create | Scout Cavalry |
| 18:40 | Build | Farm |
| 18:42 | Build | Farm |
| 18:48 | Research | Scale Barding Armor |
| 18:48 | Research | Scale Barding Armor |
| 18:55 | Create | Villager (Male) |
| 18:56 | Build | Farm |
| 18:58 | Build | Farm |
| 19:21 | Create | Villager (Male) |
| 19:32 | Build | Farm |
| 19:32 | Build | Farm |
| 19:32 | Build | Farm |
| 19:34 | Create | Scout Cavalry |
| 19:50 | Create | Villager (Male) |
| 19:51 | Create | Villager (Male) |
| 19:57 | Build | Farm |
| 20:03 | Build | Lumber Camp |
| 20:11 | Create | Villager (Male) |
| 20:12 | Create | Villager (Male) |
| 20:26 | Create | Scout Cavalry |
| 20:34 | Build | House |
| 20:38 | Build | Palisade Wall |
| 20:39 | Build | Palisade Wall |
| 20:53 | Create | Scout Cavalry |
| 20:59 | Create | Spearman |
| 21:01 | Create | Scout Cavalry |
| 21:02 | Create | Villager (Male) |
| 21:09 | Create | Scout Cavalry |
| 21:23 | Build | Market |
| 21:30 | Create | Villager (Male) |
| 21:32 | Build | House |
| 22:01 | Build | House |
| 22:04 | Create | Scout Cavalry |
| 22:04 | Create | Scout Cavalry |
| 22:07 | Create | Villager (Male) |
| 22:13 | Create | Scout Cavalry |
| 22:18 | Create | Spearman |
| 22:38 | Create | Scout Cavalry |
| 22:40 | Build | Palisade Gate |
| 22:44 | Create | Scout Cavalry |
| 22:50 | Create | Villager (Male) |
| 22:50 | Create | Villager (Male) |
| 22:52 | Create | Scout Cavalry |
| 23:09 | Create | Villager (Male) |
| 23:12 | Create | Villager (Male) |
| 23:12 | Create | Villager (Male) |
| 23:19 | Create | Villager (Male) |
| 23:20 | Create | Villager (Male) |
Build order — Oni.TaToH
126 actions detected in the replay
| 0:01 | Create | Villager (Male) ×4 |
| 0:01 | Create | Villager (Male) ×4 |
| 0:02 | Build | House |
| 0:02 | Build | House |
| 1:24 | Create | Villager (Male) |
| 1:57 | Create | Villager (Male) |
| 2:29 | Create | Villager (Male) |
| 2:44 | Create | Villager (Male) |
| 2:51 | Create | Villager (Male) |
| 2:51 | Create | Villager (Male) |
| 3:23 | Create | Villager (Male) |
| 4:00 | Create | Villager (Male) |
| 4:06 | Build | House |
| 4:23 | Create | Villager (Male) |
| 4:27 | Create | Villager (Male) |
| 4:30 | Create | Villager (Male) |
| 4:59 | Build | Barracks |
| 5:40 | Research | Loom |
| 6:19 | Research | Feudal Age |
| 6:33 | Build | Mule Cart |
| 7:21 | Build | House |
| 7:24 | Build | Palisade Gate |
| 7:30 | Build | House |
| 7:33 | Build | House |
| 7:45 | Create | Villager (Male) |
| 8:29 | Age | Feudal Age |
| 8:30 | Build | Archery Range |
| 8:36 | Research | Double-Bit Axe |
| 8:36 | Research | Double-Bit Axe |
| 8:59 | Create | Villager (Male) |
| 9:09 | Create | Archer |
| 9:26 | Build | Blacksmith |
| 9:30 | Create | Villager (Male) |
| 9:33 | Create | Archer |
| 9:35 | Create | Spearman |
| 9:55 | Build | House |
| 10:13 | Create | Villager (Male) |
| 10:14 | Create | Archer |
| 10:24 | Build | Blacksmith |
| 10:35 | Create | Archer |
| 10:38 | Create | Villager (Male) |
| 11:07 | Create | Villager (Male) |
| 11:09 | Create | Archer |
| 11:27 | Create | Archer |
| 11:28 | Create | Villager (Male) |
| 11:32 | Create | Villager (Male) |
| 11:37 | Create | Villager (Male) |
| 11:39 | Build | House |
| 12:12 | Create | Spearman |
| 12:15 | Build | Mill |
| 12:17 | Research | Fletching |
| 12:29 | Build | House |
| 12:41 | Build | House |
| 12:41 | Create | Archer |
| 12:53 | Create | Villager (Male) |
| 12:54 | Build | House |
| 12:59 | Create | Villager (Male) |
| 13:32 | Build | Farm |
| 13:38 | Create | Archer |
| 13:44 | Create | Villager (Male) |
| 13:51 | Create | Villager (Male) |
| 13:52 | Create | Villager (Male) |
| 14:08 | Create | Villager (Male) |
| 14:13 | Create | Villager (Male) |
| 14:17 | Create | Spearman |
| 14:29 | Create | Villager (Male) |
| 14:40 | Create | Villager (Male) |
| 15:02 | Create | Archer |
| 15:03 | Create | Villager (Male) |
| 15:13 | Create | Villager (Male) |
| 15:17 | Build | Mule Cart |
| 15:26 | Build | Mule Cart |
| 15:38 | Research | Wheelbarrow |
| 15:46 | Create | Archer |
| 16:17 | Create | Spearman |
| 16:19 | Create | Spearman |
| 16:33 | Create | Villager (Male) |
| 16:43 | Create | Archer |
| 17:17 | Create | Villager (Male) |
| 17:25 | Build | Market |
| 17:45 | Build | Farm |
| 17:48 | Create | Villager (Male) |
| 18:02 | Research | Town Watch |
| 18:16 | Create | Archer |
| 18:29 | Create | Villager (Male) |
| 18:48 | Build | Farm |
| 19:03 | Research | Castle Age |
| 19:03 | Research | Castle Age |
| 19:42 | Build | Stable |
| 20:26 | Build | Archery Range |
| 20:33 | Research | Horse Collar |
| 20:34 | Research | Gold Mining |
| 20:34 | Research | Gold Mining |
| 21:02 | Create | Villager (Male) |
| 21:15 | Build | Archery Range |
| 21:49 | Age | Castle Age |
| 21:50 | Create | Cavalry Archer |
| 21:50 | Create | Cavalry Archer |
| 21:51 | Create | Cavalry Archer |
| 21:51 | Research | Bodkin Arrow |
| 21:54 | Create | Villager (Male) |
| 22:02 | Build | University |
| 22:07 | Create | Cavalry Archer |
| 22:16 | Research | Bloodlines |
| 22:16 | Research | Bloodlines |
| 22:34 | Create | Cavalry Archer |
| 22:35 | Create | Villager (Male) |
| 22:55 | Create | Villager (Male) |
| 23:11 | Research | Ballistics |
| 23:11 | Research | Ballistics |
| 23:14 | Create | Villager (Male) |
| 23:31 | Create | Villager (Male) |
| 23:36 | Create | Cavalry Archer |
| 23:37 | Create | Cavalry Archer |
| 23:57 | Create | Cavalry Archer |
| 24:01 | Create | Villager (Male) |
| 24:06 | Build | Town Center |
| 24:15 | Create | Cavalry Archer |
| 24:24 | Create | Villager (Male) |
| 24:40 | Research | Husbandry |
| 24:40 | Research | Husbandry |
| 24:42 | Create | Cavalry Archer |
| 24:42 | Create | Cavalry Archer |
| 24:50 | Create | Villager (Male) |
| 24:58 | Create | Cavalry Archer |
| 25:00 | Create | Villager (Male) |
Build order — Oni.DauT
142 actions detected in the replay
| 0:01 | Create | Villager (Male) ×4 |
| 0:02 | Build | House |
| 0:03 | Build | House |
| 1:28 | Create | Villager (Male) |
| 1:49 | Build | Lumber Camp |
| 2:02 | Create | Villager (Male) |
| 2:04 | Create | Villager (Male) |
| 2:04 | Create | Villager (Male) |
| 2:42 | Create | Villager (Male) |
| 2:59 | Create | Villager (Male) |
| 2:59 | Create | Villager (Male) |
| 3:33 | Build | House |
| 3:47 | Create | Villager (Male) |
| 3:48 | Create | Villager (Male) |
| 3:48 | Create | Villager (Male) |
| 4:19 | Create | Villager (Male) |
| 4:21 | Build | Mill |
| 4:38 | Create | Villager (Male) |
| 4:38 | Create | Villager (Male) |
| 4:51 | Create | Villager (Male) |
| 5:29 | Research | Loom |
| 6:26 | Research | Feudal Age |
| 7:10 | Build | House |
| 7:37 | Build | Barracks |
| 7:51 | Build | House |
| 8:05 | Create | Villager (Male) |
| 8:36 | Age | Feudal Age |
| 8:50 | Build | Stable |
| 8:54 | Create | Villager (Male) |
| 9:20 | Research | Double-Bit Axe |
| 9:20 | Research | Double-Bit Axe |
| 9:21 | Create | Villager (Male) |
| 9:31 | Create | Scout Cavalry |
| 9:47 | Create | Villager (Male) |
| 9:50 | Research | Horse Collar |
| 9:55 | Create | Scout Cavalry |
| 9:59 | Create | Villager (Male) |
| 10:00 | Build | Farm |
| 10:19 | Create | Villager (Male) |
| 10:22 | Build | Farm |
| 10:24 | Build | Farm |
| 10:44 | Create | Scout Cavalry |
| 10:46 | Build | Farm |
| 10:58 | Create | Villager (Male) |
| 11:12 | Build | Farm |
| 11:15 | Create | Villager (Male) |
| 11:28 | Build | Mining Camp |
| 11:32 | Create | Scout Cavalry |
| 11:36 | Build | House |
| 11:41 | Research | Town Watch |
| 12:00 | Build | Watch Tower |
| 12:04 | Create | Villager (Male) |
| 12:15 | Build | House |
| 12:27 | Create | Villager (Male) |
| 12:35 | Build | Farm |
| 12:42 | Create | Villager (Male) |
| 12:48 | Create | Villager (Male) |
| 13:08 | Build | Farm |
| 13:09 | Build | Farm |
| 13:22 | Build | Watch Tower |
| 13:25 | Create | Villager (Male) |
| 13:55 | Create | Villager (Male) |
| 14:02 | Build | Mining Camp |
| 14:22 | Create | Villager (Male) |
| 14:32 | Create | Villager (Male) |
| 15:15 | Build | House |
| 15:20 | Create | Villager (Male) |
| 15:21 | Build | Farm |
| 15:29 | Build | Palisade Wall |
| 15:48 | Create | Villager (Male) |
| 15:59 | Build | Archery Range |
| 16:04 | Create | Villager (Male) |
| 16:19 | Create | Villager (Male) |
| 16:23 | Build | Market |
| 16:43 | Create | Skirmisher |
| 17:21 | Research | Castle Age |
| 17:23 | Build | Palisade Wall |
| 17:28 | Create | Skirmisher |
| 17:37 | Build | Farm |
| 17:48 | Build | Blacksmith |
| 17:52 | Create | Skirmisher |
| 18:05 | Create | Skirmisher |
| 18:26 | Research | Fletching |
| 18:26 | Research | Fletching |
| 19:03 | Build | Lumber Camp |
| 19:32 | Build | Archery Range |
| 19:47 | Build | House |
| 19:52 | Research | Gold Mining |
| 19:52 | Create | Villager (Male) |
| 20:01 | Age | Castle Age |
| 20:01 | Build | House |
| 20:08 | Build | House |
| 20:13 | Create | Villager (Male) |
| 20:19 | Create | Villager (Male) |
| 20:29 | Create | Unit 1952 |
| 20:42 | Build | Archery Range |
| 20:47 | Create | Unit 1952 |
| 20:51 | Research | Bodkin Arrow |
| 21:07 | Create | Villager (Male) |
| 21:09 | Create | Unit 1952 |
| 21:14 | Create | Villager (Male) |
| 21:16 | Create | Unit 1952 |
| 21:17 | Create | Unit 1952 |
| 21:21 | Create | Unit 1952 |
| 21:21 | Create | Unit 1952 |
| 21:23 | Create | Villager (Male) |
| 21:29 | Build | House |
| 21:54 | Build | Farm |
| 22:07 | Create | Villager (Male) |
| 22:12 | Create | Unit 1952 |
| 22:12 | Create | Unit 1952 |
| 22:22 | Create | Villager (Male) |
| 22:25 | Create | Unit 1952 |
| 22:25 | Create | Unit 1952 |
| 22:26 | Create | Unit 1952 |
| 22:35 | Research | Bloodlines |
| 22:43 | Create | Unit 1952 |
| 23:00 | Create | Villager (Male) |
| 23:06 | Build | Lumber Camp |
| 23:16 | Create | Unit 1952 |
| 23:16 | Create | Unit 1952 |
| 23:25 | Create | Villager (Male) |
| 23:31 | Research | Padded Archer Armor |
| 23:33 | Build | House |
| 23:34 | Build | House |
| 23:43 | Create | Unit 1952 |
| 23:44 | Create | Unit 1952 |
| 23:48 | Create | Villager (Male) |
| 24:01 | Build | House |
| 24:04 | Create | Unit 1952 |
| 24:04 | Create | Unit 1952 |
| 24:04 | Create | Unit 1952 |
| 24:16 | Create | Unit 1952 |
| 24:36 | Create | Unit 1952 |
| 24:37 | Create | Unit 1952 |
| 24:40 | Create | Unit 1952 |
| 24:40 | Create | Unit 1952 |
| 24:44 | Create | Villager (Male) |
| 24:46 | Build | House |
| 24:46 | Build | House |
| 24:51 | Create | Unit 1952 |
| 24:51 | Create | Unit 1952 |
Build order — Oni.Lewis
First 150 of 192 actions detected
| 0:01 | Create | Villager (Male) |
| 0:02 | Create | Villager (Male) |
| 0:02 | Create | Villager (Male) |
| 0:02 | Build | House |
| 0:03 | Build | House |
| 0:09 | Create | Villager (Male) |
| 1:33 | Create | Villager (Male) |
| 1:57 | Create | Villager (Male) |
| 2:20 | Build | Lumber Camp |
| 2:25 | Create | Villager (Male) |
| 2:51 | Create | Villager (Male) |
| 3:09 | Create | Villager (Male) |
| 3:16 | Create | Villager (Male) |
| 3:27 | Create | Villager (Male) |
| 3:47 | Create | Villager (Male) |
| 3:56 | Build | House |
| 4:11 | Create | Villager (Male) |
| 4:48 | Create | Villager (Male) |
| 4:52 | Build | Mill |
| 4:55 | Build | Mill |
| 5:22 | Create | Villager (Male) |
| 5:25 | Create | Villager (Male) |
| 5:43 | Create | Villager (Male) |
| 5:51 | Research | Loom |
| 6:19 | Research | Feudal Age |
| 6:19 | Research | Feudal Age |
| 6:56 | Build | House |
| 7:26 | Create | Villager (Male) |
| 8:12 | Build | Barracks |
| 8:20 | Create | Villager (Male) |
| 8:29 | Age | Feudal Age |
| 8:38 | Create | Villager (Male) |
| 8:56 | Create | Villager (Male) |
| 9:00 | Build | Stable |
| 9:02 | Create | Spearman |
| 9:05 | Research | Double-Bit Axe |
| 9:07 | Create | Villager (Male) |
| 9:35 | Build | House |
| 9:35 | Build | House |
| 9:46 | Create | Scout Cavalry |
| 10:03 | Create | Villager (Male) |
| 10:04 | Create | Villager (Male) |
| 10:04 | Create | Villager (Male) |
| 10:07 | Create | Scout Cavalry |
| 10:09 | Build | Farm |
| 10:11 | Build | Farm |
| 10:35 | Create | Villager (Male) |
| 10:36 | Build | House |
| 10:42 | Create | Villager (Male) |
| 10:50 | Create | Scout Cavalry |
| 10:59 | Build | Farm |
| 11:00 | Build | Farm |
| 11:08 | Create | Villager (Male) |
| 11:21 | Build | Farm |
| 11:22 | Build | Farm |
| 11:30 | Create | Villager (Male) |
| 11:31 | Create | Villager (Male) |
| 11:40 | Build | House |
| 11:43 | Create | Scout Cavalry |
| 11:43 | Create | Scout Cavalry |
| 11:44 | Create | Villager (Male) |
| 11:50 | Create | Villager (Male) |
| 11:50 | Create | Villager (Male) |
| 11:58 | Build | Blacksmith |
| 12:08 | Create | Scout Cavalry |
| 12:17 | Create | Villager (Male) |
| 12:29 | Create | Villager (Male) |
| 12:48 | Create | Scout Cavalry |
| 12:51 | Create | Villager (Male) |
| 12:55 | Build | Farm |
| 12:57 | Research | Forging |
| 13:10 | Create | Villager (Male) |
| 13:16 | Build | House |
| 13:22 | Create | Scout Cavalry |
| 13:44 | Create | Scout Cavalry |
| 13:44 | Create | Scout Cavalry |
| 13:52 | Create | Villager (Male) |
| 13:55 | Create | Villager (Male) |
| 13:57 | Build | Stable |
| 14:12 | Create | Scout Cavalry |
| 14:19 | Create | Villager (Male) |
| 14:21 | Build | Farm |
| 14:25 | Build | Farm |
| 14:28 | Research | Horse Collar |
| 14:31 | Create | Villager (Male) |
| 14:31 | Create | Villager (Male) |
| 14:46 | Create | Scout Cavalry |
| 14:47 | Create | Villager (Male) |
| 14:47 | Create | Villager (Male) |
| 14:50 | Build | Farm |
| 14:57 | Create | Villager (Male) |
| 15:09 | Create | Villager (Male) |
| 15:11 | Build | House |
| 15:14 | Create | Scout Cavalry |
| 15:24 | Create | Villager (Male) |
| 15:26 | Create | Spearman |
| 15:32 | Create | Villager (Male) |
| 15:36 | Create | Scout Cavalry |
| 15:43 | Create | Villager (Male) |
| 15:53 | Create | Villager (Male) |
| 16:00 | Create | Villager (Male) |
| 16:04 | Build | Mining Camp |
| 16:09 | Create | Villager (Male) |
| 16:17 | Build | House |
| 16:20 | Create | Scout Cavalry |
| 16:20 | Create | Scout Cavalry |
| 16:24 | Create | Villager (Male) |
| 16:24 | Create | Villager (Male) |
| 16:32 | Create | Villager (Male) |
| 16:39 | Create | Villager (Male) |
| 16:42 | Create | Scout Cavalry |
| 16:51 | Research | Town Watch |
| 16:52 | Research | Town Watch |
| 16:52 | Create | Villager (Male) |
| 16:54 | Build | Farm |
| 16:59 | Create | Villager (Male) |
| 17:12 | Create | Villager (Male) |
| 17:20 | Create | Scout Cavalry |
| 17:21 | Create | Villager (Male) |
| 17:22 | Create | Villager (Male) |
| 17:22 | Create | Villager (Male) |
| 17:25 | Build | Farm |
| 17:27 | Build | Farm |
| 17:29 | Build | Farm |
| 17:31 | Build | Farm |
| 17:38 | Create | Scout Cavalry |
| 17:42 | Create | Villager (Male) |
| 17:49 | Create | Villager (Male) |
| 17:53 | Create | Villager (Male) |
| 17:57 | Create | Scout Cavalry |
| 18:04 | Research | Bloodlines |
| 18:13 | Build | Farm |
| 18:17 | Build | Farm |
| 18:17 | Create | Villager (Male) |
| 18:17 | Create | Villager (Male) |
| 18:21 | Build | Lumber Camp |
| 18:26 | Research | Scale Barding Armor |
| 18:26 | Research | Scale Barding Armor |
| 18:48 | Create | Villager (Male) |
| 18:52 | Create | Villager (Male) |
| 18:52 | Create | Villager (Male) |
| 18:55 | Create | Scout Cavalry |
| 18:58 | Create | Villager (Male) |
| 19:17 | Create | Scout Cavalry |
| 19:20 | Create | Villager (Male) |
| 19:24 | Create | Villager (Male) |
| 19:44 | Create | Scout Cavalry |
| 19:44 | Create | Scout Cavalry |
| 19:51 | Create | Scout Cavalry |
| 19:58 | Create | Villager (Male) |
Build order — Oni.dogao
First 150 of 184 actions detected
| 0:01 | Create | Villager (Male) ×4 |
| 0:02 | Create | Villager (Male) ×4 |
| 0:03 | Build | House |
| 0:04 | Build | House |
| 1:05 | Create | Villager (Male) |
| 1:06 | Create | Villager (Male) |
| 1:53 | Create | Villager (Male) |
| 1:53 | Create | Villager (Male) |
| 1:53 | Create | Villager (Male) |
| 2:13 | Create | Villager (Male) |
| 2:13 | Create | Villager (Male) |
| 2:37 | Create | Villager (Male) |
| 2:38 | Create | Villager (Male) |
| 2:41 | Build | Lumber Camp |
| 3:13 | Create | Villager (Male) |
| 3:13 | Create | Villager (Male) |
| 3:38 | Create | Villager (Male) |
| 3:38 | Create | Villager (Male) |
| 3:56 | Build | House |
| 3:59 | Create | Villager (Male) |
| 3:59 | Create | Villager (Male) |
| 4:23 | Create | Villager (Male) |
| 4:41 | Create | Villager (Male) |
| 5:04 | Create | Villager (Male) |
| 5:25 | Build | Barracks |
| 5:37 | Create | Villager (Male) |
| 6:03 | Create | Villager (Male) |
| 6:07 | Build | House |
| 6:23 | Research | Loom |
| 6:38 | Create | Villager (Male) |
| 6:38 | Research | Loom |
| 7:08 | Research | Feudal Age |
| 7:09 | Research | Feudal Age |
| 7:13 | Build | Mining Camp |
| 7:26 | Create | Militia |
| 7:26 | Create | Militia |
| 7:26 | Create | Militia |
| 7:27 | Create | Militia |
| 8:10 | Create | Militia |
| 8:10 | Create | Militia |
| 8:26 | Build | Mill |
| 8:30 | Create | Militia |
| 8:41 | Build | House |
| 9:09 | Create | Villager (Male) |
| 9:20 | Age | Feudal Age |
| 9:21 | Research | Man-at-Arms (upgrade) |
| 9:22 | Research | Man-at-Arms (upgrade) |
| 9:25 | Build | House |
| 9:32 | Research | Double-Bit Axe |
| 9:32 | Research | Double-Bit Axe |
| 9:35 | Create | Villager (Male) |
| 10:03 | Create | Villager (Male) |
| 10:04 | Build | Farm |
| 10:24 | Create | Villager (Male) |
| 10:24 | Create | Villager (Male) |
| 10:48 | Build | Farm |
| 10:49 | Build | Farm |
| 10:53 | Create | Spearman |
| 11:16 | Create | Villager (Male) |
| 11:17 | Create | Villager (Male) |
| 11:32 | Create | Villager (Male) |
| 11:33 | Create | Villager (Male) |
| 11:37 | Build | Farm |
| 11:39 | Build | Farm |
| 11:55 | Create | Spearman |
| 12:18 | Create | Villager (Male) |
| 12:20 | Build | Farm |
| 12:22 | Build | House |
| 12:26 | Create | Spearman |
| 12:34 | Research | Town Watch |
| 12:42 | Build | House |
| 12:59 | Create | Villager (Male) |
| 13:01 | Build | Farm |
| 13:17 | Create | Villager (Male) |
| 13:21 | Create | Spearman |
| 13:23 | Create | Villager (Male) |
| 13:26 | Build | House |
| 14:05 | Build | Lumber Camp |
| 14:20 | Create | Spearman |
| 14:21 | Create | Spearman |
| 14:34 | Create | Villager (Male) |
| 14:34 | Create | Villager (Male) |
| 14:34 | Create | Villager (Male) |
| 14:34 | Create | Villager (Male) |
| 14:35 | Create | Villager (Male) |
| 14:49 | Build | Palisade Wall |
| 15:01 | Build | Palisade Gate |
| 15:01 | Build | Palisade Wall |
| 15:02 | Build | Palisade Wall |
| 15:05 | Create | Villager (Male) |
| 15:07 | Build | Farm |
| 15:08 | Research | Horse Collar |
| 15:08 | Research | Horse Collar |
| 15:26 | Create | Villager (Male) |
| 15:26 | Create | Villager (Male) |
| 15:27 | Create | Villager (Male) |
| 15:43 | Build | Stable |
| 16:31 | Build | Market |
| 17:10 | Research | Castle Age |
| 17:10 | Research | Castle Age |
| 17:15 | Research | Gold Mining |
| 17:15 | Research | Gold Mining |
| 17:25 | Build | Farm |
| 18:03 | Build | Farm |
| 18:04 | Build | Farm |
| 18:23 | Create | Scout Cavalry |
| 18:23 | Create | Scout Cavalry |
| 18:43 | Build | Blacksmith |
| 18:55 | Build | Farm |
| 18:56 | Build | Farm |
| 19:20 | Build | Farm |
| 19:31 | Create | Scout Cavalry |
| 19:40 | Build | House |
| 19:42 | Build | House |
| 19:50 | Age | Castle Age |
| 19:53 | Create | Villager (Male) |
| 19:53 | Create | Villager (Male) |
| 19:55 | Research | Bow Saw |
| 19:55 | Research | Bow Saw |
| 20:01 | Build | Town Center |
| 20:21 | Research | Light Cavalry (upgrade) |
| 20:21 | Research | Light Cavalry (upgrade) |
| 20:35 | Build | Town Center |
| 20:40 | Research | Scale Barding Armor |
| 20:41 | Research | Scale Barding Armor |
| 20:41 | Research | Scale Barding Armor |
| 20:43 | Research | Husbandry |
| 20:44 | Research | Husbandry |
| 20:52 | Research | Wheelbarrow |
| 20:52 | Research | Wheelbarrow |
| 20:55 | Build | Farm |
| 21:01 | Build | House |
| 21:06 | Build | Monastery |
| 21:24 | Create | Villager (Male) |
| 21:24 | Build | Farm |
| 21:29 | Build | House |
| 21:30 | Build | House |
| 21:48 | Create | Monk |
| 21:59 | Build | Farm |
| 22:02 | Build | Farm |
| 22:06 | Research | Bloodlines |
| 22:06 | Research | Bloodlines |
| 22:07 | Create | Villager (Male) |
| 22:07 | Create | Villager (Male) |
| 22:13 | Create | Villager (Male) |
| 22:30 | Build | House |
| 22:35 | Build | Farm |
| 22:40 | Create | Villager (Male) |
| 22:40 | Create | Villager (Male) |
| 22:45 | Build | Farm |
Build order — Oni.Kingstone
134 actions detected in the replay
| 0:01 | Create | Villager (Male) |
| 0:01 | Create | Villager (Male) |
| 0:01 | Create | Villager (Male) |
| 0:02 | Build | House |
| 0:03 | Build | House |
| 0:11 | Create | Villager (Male) |
| 1:36 | Create | Villager (Male) |
| 1:58 | Create | Villager (Male) |
| 1:58 | Create | Villager (Male) |
| 2:09 | Build | Lumber Camp |
| 2:22 | Create | Villager (Male) |
| 2:46 | Create | Villager (Male) |
| 2:46 | Create | Villager (Male) |
| 3:11 | Create | Villager (Male) |
| 3:11 | Create | Villager (Male) |
| 3:42 | Create | Villager (Male) |
| 3:48 | Build | House |
| 3:57 | Create | Villager (Male) |
| 4:32 | Create | Villager (Male) |
| 4:43 | Create | Villager (Male) |
| 4:52 | Create | Villager (Male) |
| 5:05 | Build | Barracks |
| 5:14 | Research | Loom |
| 5:14 | Research | Loom |
| 5:45 | Create | Villager (Male) |
| 5:58 | Create | Villager (Male) |
| 6:18 | Build | House |
| 6:40 | Create | Villager (Male) |
| 6:59 | Build | Mill |
| 7:09 | Research | Feudal Age |
| 7:26 | Build | Mining Camp |
| 7:31 | Create | Militia |
| 7:43 | Create | Militia |
| 8:00 | Build | House |
| 8:19 | Create | Militia |
| 8:27 | Build | Mining Camp |
| 9:19 | Age | Feudal Age |
| 9:19 | Create | Villager (Male) |
| 9:52 | Create | Villager (Male) |
| 10:01 | Create | Villager (Male) |
| 10:20 | Build | Watch Tower |
| 10:21 | Create | Villager (Male) |
| 10:30 | Build | House |
| 10:34 | Research | Man-at-Arms (upgrade) |
| 10:34 | Research | Man-at-Arms (upgrade) |
| 10:52 | Build | House |
| 10:54 | Build | House |
| 10:55 | Build | Palisade Wall |
| 11:07 | Create | Villager (Male) |
| 11:27 | Create | Villager (Male) |
| 11:30 | Build | Watch Tower |
| 11:35 | Research | Double-Bit Axe |
| 11:45 | Build | Archery Range |
| 12:02 | Create | Villager (Male) |
| 12:33 | Build | Watch Tower |
| 12:40 | Create | Villager (Male) |
| 12:49 | Build | House |
| 12:52 | Build | House |
| 13:08 | Create | Archer |
| 13:10 | Build | Mill |
| 13:10 | Create | Villager (Male) |
| 13:23 | Create | Archer |
| 13:30 | Create | Villager (Male) |
| 13:55 | Build | Farm |
| 13:56 | Build | Farm |
| 14:07 | Create | Villager (Male) |
| 14:21 | Build | House |
| 14:36 | Build | Farm |
| 14:38 | Build | Farm |
| 14:38 | Create | Villager (Male) |
| 14:44 | Build | Farm |
| 14:47 | Build | Farm |
| 14:54 | Create | Villager (Male) |
| 15:09 | Build | Farm |
| 15:11 | Build | Farm |
| 15:29 | Create | Villager (Male) |
| 15:50 | Create | Villager (Male) |
| 16:02 | Build | Market |
| 16:14 | Create | Villager (Male) |
| 16:31 | Create | Villager (Male) |
| 16:47 | Create | Villager (Male) |
| 16:57 | Create | Villager (Male) |
| 17:03 | Build | Watch Tower |
| 17:06 | Build | Lumber Camp |
| 17:17 | Create | Villager (Male) |
| 17:21 | Build | Outpost |
| 17:27 | Create | Villager (Male) |
| 17:48 | Create | Villager (Male) |
| 18:50 | Research | Castle Age |
| 19:47 | Create | Spearman |
| 19:47 | Create | Spearman |
| 19:47 | Create | Spearman |
| 20:24 | Create | Spearman |
| 20:37 | Build | Stable |
| 20:39 | Build | Stable |
| 20:59 | Build | House |
| 21:06 | Build | Farm |
| 21:09 | Build | Farm |
| 21:20 | Build | Blacksmith |
| 21:30 | Age | Castle Age |
| 21:31 | Research | Bloodlines |
| 21:32 | Create | Villager (Male) |
| 21:35 | Create | Knight |
| 21:39 | Research | Bow Saw |
| 21:55 | Create | Villager (Male) |
| 22:00 | Build | Farm |
| 22:05 | Research | Scale Barding Armor |
| 22:07 | Create | Knight |
| 22:17 | Create | Knight |
| 22:25 | Build | Farm |
| 22:30 | Create | Villager (Male) |
| 22:41 | Create | Villager (Male) |
| 22:47 | Create | Knight |
| 22:52 | Build | House |
| 22:55 | Create | Knight |
| 22:55 | Create | Knight |
| 23:05 | Build | University |
| 23:08 | Build | Siege Workshop |
| 23:18 | Create | Knight |
| 23:19 | Build | Farm |
| 23:19 | Build | Farm |
| 23:40 | Create | Villager (Male) |
| 23:41 | Create | Knight |
| 24:11 | Create | Knight |
| 24:11 | Create | Knight |
| 24:11 | Create | Villager (Male) |
| 24:14 | Build | House |
| 24:17 | Build | Farm |
| 24:18 | Build | Farm |
| 24:19 | Build | Farm |
| 24:41 | Create | Knight |
| 24:51 | Build | Farm |
| 24:53 | Build | Farm |
| 24:57 | Create | Villager (Male) |
Build order — Oni.JorDan_AoE
130 actions detected in the replay
| 0:01 | Create | Villager (Male) |
| 0:01 | Create | Villager (Male) |
| 0:01 | Create | Villager (Male) |
| 0:01 | Create | Villager (Male) |
| 0:02 | Build | House |
| 0:03 | Build | House |
| 1:28 | Create | Villager (Male) |
| 1:28 | Create | Villager (Male) |
| 1:29 | Create | Villager (Male) |
| 1:47 | Build | Lumber Camp |
| 2:01 | Create | Villager (Male) |
| 2:01 | Create | Villager (Male) |
| 2:16 | Create | Villager (Male) |
| 2:16 | Create | Villager (Male) |
| 2:44 | Create | Villager (Male) |
| 2:44 | Create | Villager (Male) |
| 2:44 | Create | Villager (Male) |
| 3:08 | Create | Villager (Male) |
| 3:47 | Create | Villager (Male) |
| 3:47 | Create | Villager (Male) |
| 4:00 | Build | House |
| 4:04 | Create | Villager (Male) |
| 4:27 | Build | Mill |
| 4:53 | Create | Villager (Male) |
| 4:53 | Create | Villager (Male) |
| 5:26 | Create | Villager (Male) |
| 6:09 | Research | Loom |
| 6:36 | Research | Feudal Age |
| 6:36 | Research | Feudal Age |
| 7:19 | Create | Villager (Male) |
| 7:33 | Build | House |
| 7:58 | Build | Barracks |
| 8:01 | Build | Palisade Wall |
| 8:15 | Create | Villager (Male) |
| 8:52 | Age | Feudal Age |
| 9:01 | Build | Watch Tower |
| 9:02 | Build | Mining Camp |
| 9:05 | Build | Mining Camp |
| 9:07 | Create | Villager (Male) |
| 9:28 | Create | Villager (Male) |
| 9:54 | Create | Villager (Male) |
| 9:54 | Create | Villager (Male) |
| 10:01 | Build | Stable |
| 10:05 | Build | House |
| 10:16 | Research | Double-Bit Axe |
| 10:16 | Research | Double-Bit Axe |
| 10:30 | Create | Scout Cavalry |
| 10:30 | Create | Scout Cavalry |
| 10:30 | Create | Scout Cavalry |
| 10:30 | Create | Scout Cavalry |
| 10:45 | Build | Watch Tower |
| 10:53 | Create | Villager (Male) |
| 11:07 | Build | Palisade Wall |
| 11:08 | Build | Palisade Wall |
| 11:13 | Build | Palisade Wall |
| 11:35 | Create | Villager (Male) |
| 11:59 | Create | Villager (Male) |
| 12:19 | Build | Farm |
| 12:21 | Create | Scout Cavalry |
| 12:24 | Build | Lumber Camp |
| 12:33 | Create | Villager (Male) |
| 12:35 | Build | House |
| 12:41 | Build | Lumber Camp |
| 12:51 | Build | Farm |
| 12:54 | Create | Villager (Male) |
| 13:09 | Create | Villager (Male) |
| 13:13 | Build | Palisade Wall |
| 13:14 | Build | Palisade Wall |
| 13:15 | Build | Palisade Wall |
| 13:17 | Build | Farm |
| 13:40 | Build | Watch Tower |
| 13:43 | Create | Villager (Male) |
| 13:48 | Build | Palisade Wall |
| 13:49 | Build | Palisade Wall |
| 14:04 | Create | Villager (Male) |
| 14:09 | Build | Palisade Wall |
| 14:21 | Create | Villager (Male) |
| 14:32 | Build | Watch Tower |
| 14:40 | Create | Villager (Male) |
| 15:06 | Create | Villager (Male) |
| 15:13 | Build | Mill |
| 15:34 | Create | Villager (Male) |
| 16:15 | Create | Villager (Male) |
| 16:18 | Build | House |
| 16:32 | Create | Villager (Male) |
| 16:40 | Build | Market |
| 16:56 | Build | Palisade Wall |
| 17:03 | Build | Palisade Wall |
| 17:06 | Create | Villager (Male) |
| 17:14 | Build | Farm |
| 17:37 | Build | Mining Camp |
| 17:50 | Research | Castle Age |
| 18:24 | Build | Watch Tower |
| 18:41 | Build | Blacksmith |
| 19:12 | Build | Farm |
| 19:13 | Research | Horse Collar |
| 19:19 | Research | Gold Mining |
| 19:40 | Create | Villager (Male) |
| 20:30 | Age | Castle Age |
| 20:35 | Build | Castle |
| 20:36 | Create | Villager (Male) |
| 20:40 | Build | House |
| 20:43 | Build | Monastery |
| 21:09 | Create | Missionary |
| 21:15 | Build | Farm |
| 21:17 | Create | Conquistador |
| 21:29 | Create | Conquistador |
| 21:37 | Build | Farm |
| 21:47 | Create | Conquistador |
| 21:51 | Create | Villager (Male) |
| 22:13 | Create | Villager (Male) |
| 22:31 | Create | Conquistador |
| 22:45 | Build | Farm |
| 22:46 | Build | Farm |
| 22:52 | Create | Conquistador |
| 22:54 | Create | Villager (Male) |
| 22:55 | Build | Stable |
| 23:15 | Create | Villager (Male) |
| 23:17 | Build | Farm |
| 23:18 | Build | Farm |
| 23:42 | Build | House |
| 23:43 | Build | House |
| 23:44 | Create | Conquistador |
| 23:48 | Build | Palisade Wall |
| 23:50 | Build | Palisade Wall |
| 24:00 | Create | Villager (Male) |
| 24:01 | Build | Farm |
| 24:02 | Build | Farm |
| 24:09 | Create | Conquistador |
| 24:39 | Build | Town Center |
Build order — Oni.TheViper
First 150 of 155 actions detected
| 0:01 | Create | Villager (Male) |
| 0:01 | Create | Villager (Male) |
| 0:02 | Build | House |
| 0:03 | Build | House |
| 0:04 | Create | Villager (Male) |
| 0:06 | Create | Villager (Male) |
| 0:07 | Create | Villager (Male) |
| 1:24 | Create | Villager (Male) |
| 1:45 | Create | Villager (Male) |
| 2:12 | Build | Lumber Camp |
| 2:15 | Create | Villager (Male) |
| 2:30 | Create | Villager (Male) |
| 2:50 | Create | Villager (Male) |
| 3:12 | Create | Villager (Male) |
| 3:29 | Create | Villager (Male) |
| 3:59 | Create | Villager (Male) |
| 4:10 | Build | House |
| 4:43 | Create | Villager (Male) |
| 5:18 | Create | Villager (Male) |
| 5:42 | Build | Barracks |
| 5:45 | Create | Villager (Male) |
| 6:18 | Research | Loom |
| 6:37 | Research | Feudal Age |
| 7:44 | Build | Mining Camp |
| 8:03 | Create | Villager (Male) |
| 8:34 | Create | Villager (Male) |
| 8:53 | Age | Feudal Age |
| 8:56 | Build | Archery Range |
| 8:57 | Build | Archery Range |
| 9:05 | Create | Villager (Male) |
| 9:08 | Create | Villager (Male) |
| 9:26 | Build | House |
| 9:29 | Create | Villager (Male) |
| 9:42 | Create | Archer |
| 9:42 | Create | Archer |
| 9:47 | Create | Archer |
| 9:47 | Create | Villager (Male) |
| 9:48 | Create | Archer |
| 10:11 | Create | Archer |
| 10:16 | Create | Villager (Male) |
| 10:21 | Build | House |
| 10:32 | Create | Archer |
| 10:33 | Create | Archer |
| 10:34 | Create | Villager (Male) |
| 10:58 | Create | Villager (Male) |
| 11:01 | Create | Villager (Male) |
| 11:09 | Create | Villager (Male) |
| 11:13 | Create | Archer |
| 11:19 | Build | House |
| 11:29 | Build | Mill |
| 11:35 | Create | Villager (Male) |
| 11:41 | Create | Archer |
| 11:46 | Create | Villager (Male) |
| 11:48 | Build | House |
| 11:48 | Build | House |
| 12:03 | Create | Archer |
| 12:04 | Create | Archer |
| 12:04 | Create | Villager (Male) |
| 12:07 | Create | Villager (Male) |
| 12:09 | Build | Farm |
| 12:18 | Build | House |
| 12:19 | Build | House |
| 12:24 | Create | Archer |
| 12:24 | Create | Archer |
| 13:03 | Create | Villager (Male) |
| 13:05 | Create | Archer |
| 13:05 | Create | Archer |
| 13:30 | Create | Villager (Male) |
| 13:34 | Build | Blacksmith |
| 13:44 | Create | Archer |
| 13:44 | Create | Archer |
| 14:07 | Create | Archer |
| 14:07 | Create | Archer |
| 14:09 | Create | Villager (Male) |
| 14:12 | Create | Villager (Male) |
| 14:17 | Create | Villager (Male) |
| 14:18 | Build | Farm |
| 14:18 | Build | Farm |
| 14:26 | Create | Archer |
| 14:47 | Create | Villager (Male) |
| 15:06 | Build | Farm |
| 15:09 | Build | House |
| 15:15 | Research | Fletching |
| 15:33 | Create | Archer |
| 15:36 | Create | Villager (Male) |
| 15:38 | Build | Farm |
| 15:41 | Create | Archer |
| 16:00 | Build | Farm |
| 16:05 | Create | Archer |
| 16:06 | Create | Archer |
| 16:15 | Create | Spearman |
| 16:17 | Create | Villager (Male) |
| 16:23 | Build | House |
| 16:29 | Research | Town Watch |
| 16:31 | Create | Villager (Male) |
| 16:46 | Create | Villager (Male) |
| 17:01 | Create | Archer |
| 17:02 | Create | Archer |
| 17:12 | Create | Villager (Male) |
| 17:26 | Build | Farm |
| 17:26 | Build | Farm |
| 17:36 | Build | House |
| 17:37 | Build | Palisade Wall |
| 17:54 | Create | Archer |
| 17:55 | Create | Archer |
| 18:01 | Build | House |
| 18:06 | Create | Spearman |
| 18:32 | Build | Lumber Camp |
| 19:07 | Create | Archer |
| 19:07 | Create | Archer |
| 19:24 | Research | Castle Age |
| 19:24 | Research | Castle Age |
| 19:27 | Create | Archer |
| 19:27 | Create | Archer |
| 19:58 | Research | Gold Mining |
| 19:59 | Research | Gold Mining |
| 20:03 | Research | Double-Bit Axe |
| 20:19 | Create | Archer |
| 20:19 | Create | Archer |
| 20:30 | Research | Horse Collar |
| 20:30 | Research | Horse Collar |
| 21:08 | Research | Gold Mining |
| 21:09 | Build | Farm |
| 21:15 | Create | Villager (Male) |
| 21:15 | Create | Archer |
| 21:16 | Create | Archer |
| 21:16 | Create | Villager (Male) |
| 21:41 | Build | House |
| 21:41 | Build | House |
| 21:43 | Build | House |
| 21:43 | Build | House |
| 22:04 | Age | Castle Age |
| 22:07 | Research | Crossbowman (upgrade) |
| 22:08 | Research | Bodkin Arrow |
| 22:33 | Create | Villager (Male) |
| 22:53 | Create | Archer |
| 22:53 | Create | Archer |
| 22:54 | Create | Villager (Male) |
| 22:59 | Create | Villager (Male) |
| 23:03 | Research | Wheelbarrow |
| 23:03 | Research | Wheelbarrow |
| 23:12 | Build | Lumber Camp |
| 23:13 | Create | Villager (Male) |
| 23:19 | Create | Archer |
| 23:19 | Create | Archer |
| 23:36 | Research | Bow Saw |
| 23:53 | Create | Villager (Male) |
| 24:01 | Create | Archer |
| 24:01 | Create | Archer |
| 24:18 | Create | Villager (Male) |
Match timeline
| 4:59 | Oni.TaToH · first_building Barracks |
| 5:05 | Oni.Kingstone · first_building Barracks |
| 5:25 | Oni.dogao · first_building Barracks |
| 5:42 | Oni.TheViper · first_building Barracks |
| 7:37 | Oni.DauT · first_building Barracks |
| 7:41 | Oni.FreakinAndy · first_building Barracks |
| 7:58 | Oni.JorDan_AoE · first_building Barracks |
| 8:01 | Oni.JorDan_AoE · wall_segment Palisade Wall x6 |
| 8:12 | Oni.Lewis · first_building Barracks |
| 8:25 | Oni.FreakinAndy · age_up feudal |
| 8:29 | Oni.TaToH · age_up feudal |
| 8:29 | Oni.Lewis · age_up feudal |
| 8:30 | Oni.TaToH · first_building Archery Range |
| 8:36 | Oni.DauT · age_up feudal |
| 8:50 | Oni.DauT · first_building Stable |
| 8:52 | Oni.JorDan_AoE · age_up feudal |
| 8:53 | Oni.TheViper · age_up feudal |
| 8:56 | Oni.TheViper · first_building Archery Range |
| 8:57 | Oni.FreakinAndy · first_building Stable |
| 9:00 | Oni.Lewis · first_building Stable |
| 9:19 | Oni.Kingstone · age_up feudal |
| 9:20 | Oni.dogao · age_up feudal |
| 10:01 | Oni.JorDan_AoE · first_building Stable |
| 10:55 | Oni.Kingstone · wall_segment Palisade Wall x1 |
| 11:07 | Oni.JorDan_AoE · wall_segment Palisade Wall x1 |
| 11:08 | Oni.JorDan_AoE · wall_segment Palisade Wall x1 |
| 11:13 | Oni.JorDan_AoE · wall_segment Palisade Wall x1 |
| 11:45 | Oni.Kingstone · first_building Archery Range |
| 13:13 | Oni.JorDan_AoE · wall_segment Palisade Wall x1 |
| 13:14 | Oni.JorDan_AoE · wall_segment Palisade Wall x1 |
| 13:15 | Oni.JorDan_AoE · wall_segment Palisade Wall x1 |
| 13:48 | Oni.JorDan_AoE · wall_segment Palisade Wall x1 |
| 13:49 | Oni.JorDan_AoE · wall_segment Palisade Wall x1 |
| 14:09 | Oni.JorDan_AoE · wall_segment Palisade Wall x1 |
| 14:49 | Oni.dogao · wall_segment Palisade Wall x1 |
| 15:01 | Oni.dogao · wall_segment Palisade Wall x1 |
| 15:02 | Oni.dogao · wall_segment Palisade Wall x1 |
| 15:29 | Oni.DauT · wall_segment Palisade Wall x2 |
| 15:43 | Oni.dogao · first_building Stable |
| 15:59 | Oni.DauT · first_building Archery Range |
| 16:56 | Oni.JorDan_AoE · wall_segment Palisade Wall x8 |
| 16:58 | Oni.DauT · first_market_sell 100 stone |
| 17:03 | Oni.JorDan_AoE · wall_segment Palisade Wall x3 |
| 17:23 | Oni.Kingstone · first_market_buy 100 food |
| 17:23 | Oni.DauT · wall_segment Palisade Wall x2 |
| 17:25 | Oni.Kingstone · first_market_sell 100 stone |
| 17:28 | Oni.JorDan_AoE · first_market_sell 100 stone |
| 17:37 | Oni.TheViper · wall_segment Palisade Wall x1 |
| 18:28 | Oni.TaToH · first_market_buy 100 food |
| 19:42 | Oni.TaToH · first_building Stable |
| 19:44 | Oni.JorDan_AoE · first_market_buy 100 stone |
| 19:50 | Oni.dogao · age_up castle |
| 19:57 | Oni.dogao · first_market_buy 100 wood |
| 20:01 | Oni.DauT · age_up castle |
| 20:30 | Oni.JorDan_AoE · age_up castle |
| 20:35 | Oni.JorDan_AoE · first_building Castle |
| 20:37 | Oni.Kingstone · first_building Stable |
| 20:38 | Oni.FreakinAndy · wall_segment Palisade Wall x1 |
| 20:39 | Oni.FreakinAndy · wall_segment Palisade Wall x1 |
| 20:43 | Oni.JorDan_AoE · first_building Monastery |
| 21:06 | Oni.dogao · first_building Monastery |
| 21:30 | Oni.Kingstone · age_up castle |
| 21:46 | Oni.FreakinAndy · first_market_buy 100 food |
| 21:49 | Oni.TaToH · age_up castle |
| 22:04 | Oni.TheViper · age_up castle |
| 22:27 | Oni.Lewis · first_market_buy 500 food |
| 22:58 | Oni.Lewis · first_market_sell 500 stone |
| 23:08 | Oni.Kingstone · first_building Siege Workshop |
| 23:10 | Oni.TaToH · first_market_sell 100 stone |
| 23:48 | Oni.JorDan_AoE · wall_segment Palisade Wall x1 |
| 23:50 | Oni.JorDan_AoE · wall_segment Palisade Wall x1 |
| 24:52 | Oni.JorDan_AoE · resign |
[ AI ANALYSIS · 1 CREDIT ]
What really happened in this match?
Wolo.gg analyzes every decision: build order, eco, micro, common mistakes by bracket. Personalized analysis on WhatsApp or Discord in 30 seconds.
Civ guide
Magyars
Map guide
Rampart
Perfil
FreakinAndy